 Dungeon Crawl Stone Soup version 0.19.1-1-g22dce08 (webtiles) character file.

71750 galech the Peltast (level 15, -1/124 HPs)
             Began as a Formicid Fighter on Jan 6, 2017.
             Was the Champion of Makhleb.
             Slain by a white ugly thing (31 damage)
             ... on level 14 of the Dungeon.
             The game lasted 01:07:53 (21765 turns).

galech the Peltast (Formicid Fighter)              Turns: 21765, Time: 01:07:54

Health: -1/124     AC: 21    Str: 29    XL:     15   Next: 83%
Magic:  15/15      EV: 14    Int:  8    God:    Makhleb [******]
Gold:   1138       SH: 20    Dex: 13    Spells: 0 memorised, 14 levels left

rFire  + + .     SeeInvis +     e - +5 dire flail
rCold  x . .     Gourm    .     J - +0 fire dragon scales
rNeg   + . .     Faith    .     c - +0 shield
rPois  .         Spirit   .     (helmet unavailable)
rElec  .         Reflect  +     b - +0 cloak
rCorr  +         Harm     .     j - +0 pair of gloves
MR     +....                    G - +0 pair of boots "Yfuosogo" {rN+ Str+5 Int+2 Stlth+}
Stlth  ++........               V - +5 amulet of reflection
                                m - ring of resist corrosion
                                R - +3 ring of protection

@: studying Stealth
A: permanent stasis, dig shafts and tunnels, four strong arms, antennae 3,
repulsion field 1, molten scales 1, dopey 1
a: Dig, Shaft Self, Minor Destruction, Lesser Servant of Makhleb, Major
Destruction, Greater Servant of Makhleb, Renounce Religion


You were on level 14 of the Dungeon.
You worshipped Makhleb.
Makhleb was exalted by your worship.
You were not hungry.

You visited 4 branches of the dungeon, and saw 19 of its levels.
You also visited: Labyrinth, Ossuary and Bailey.

You collected 2186 gold pieces.
You spent 1048 gold pieces at shops.

Inventory:

Hand Weapons
 e - a +5 dire flail (weapon)
 w - a +0 great mace of protection
 H - a +3 dire flail of holy wrath
Armour
 a - a +2 scale mail of poison resistance
 b - a +0 cloak (worn)
 c - a +0 shield (worn)
 j - a +0 pair of gloves (worn)
 G - the +0 pair of boots "Yfuosogo" (worn) {rN+ Str+5 Int+2 Stlth+}
   (You found it on level 5 of the Dungeon)

   It affects your strength (+5).
   It affects your intelligence (+2).
   It protects you from negative energy.
   It makes you more stealthy.
 J - +0 fire dragon scales (worn)
 K - the +0 plate armour of Intuition {Int+4}
   (You bought it in a shop on level 2 of the Orcish Mines)

   It affects your intelligence (+4).
 Q - the +2 robe of Dramatic Exits {rElec rCorr}
   (You found it in a labyrinth)

   It insulates you from electricity.
   It protects you from acid and corrosion.
Jewellery
 h - an uncursed amulet of guardian spirit
 k - an uncursed ring of protection from magic
 m - a ring of resist corrosion (right hand)
 q - an uncursed ring of flight
 x - an uncursed ring of stealth
 z - an uncursed ring of protection from fire
 A - an uncursed ring of positive energy
 L - the ring of Ippewid {*Drain rPois rC+ Str-3}
   (You found it in a labyrinth)

   [ring of strength]

   It affects your strength (-3).
   It protects you from cold.
   It protects you from poison.
   It causes draining when unequipped.
 R - a +3 ring of protection (left hand)
 V - a +5 amulet of reflection (around neck)
 Z - an uncursed ring of fire {unknown}
Wands
 X - a wand of heal wounds (5/9)
Scrolls
 s - a scroll of silence
 u - 3 scrolls of fog
 y - 2 scrolls of recharging
 C - 2 scrolls of fear
 D - 2 scrolls of enchant armour
 Y - a scroll of vulnerability
Potions
 d - 2 potions of might
 i - 5 potions of magic {unknown}
 o - 4 potions of heal wounds
 p - 2 potions of cancellation
 B - 3 potions of agility
 E - a potion of invisibility
 F - 4 potions of brilliance {unknown}
 I - 8 potions of curing {unknown}
 N - a potion of ambrosia
 O - 3 potions of resistance
 W - 2 potions of flight
Books
 M - a manual of Stealth
Comestibles
 f - 16 bread rations
 l - 9 meat rations
 t - 33 fruits
 v - 7 slices of pizza
 P - 10 beef jerkies
 T - 2 royal jellies
 U - 14 chunks of flesh


   Skills:
 + Level 13.2 Fighting
 + Level 15.7 Maces & Flails
 + Level 10.7 Armour
 + Level 3.1 Dodging
 + Level 3.6 Stealth
 + Level 16.8 Shields


You had 14 spell levels left.
You didn't know any spells.

Dungeon Overview and Level Annotations

Branches:
Dungeon (15/15)            Temple (1/1) D:7            Lair (1/6) D:11
    Orc (2/2) D:9             Elf (0/3) Orc:2        Vaults (0/5) D:13
 Depths (0/5) D:15

Altars:
Ashenzari
Dithmenos
Fedhas
Hepliaklqana
Kikubaaqudgha
Makhleb
Nemelex Xobeh
Okawaru
Qazlal
Ru
Sif Muna
Vehumet
Xom
Yredelemnul
Zin
The Shining One
Beogh

Shops:
D:7 ?   D:14 %*   Orc:2 ([:*


Innate Abilities, Weirdness & Mutations

You are under a permanent stasis effect.
You can dig through walls and to a lower floor.
Your four strong arms can wield two-handed weapons with a shield.
You have a pair of large antennae on your head. (SInv)
You are surrounded by a mild repulsion field. (EV +2)
You are partially covered in molten scales. (AC +2)
You are dopey. (Int -2)


Message History

The unseen horror barely misses you.
There is an open door here.
You block the unseen horror's attack.
There is a stone staircase leading up here.
You block the white ugly thing's attack.
You climb upwards.
There is a stone staircase leading down here.
You closely miss the white ugly thing. You closely miss the white ugly thing.
The white ugly thing misses you.
You impale the white ugly thing!!
The white ugly thing is moderately wounded.
You block the white ugly thing's attack.
You thump the white ugly thing!
The white ugly thing is heavily wounded.
You puncture the white ugly thing!
The white ugly thing is severely wounded.
The white ugly thing pecks you!
* * * LOW HITPOINT WARNING * * *
The white ugly thing freezes you!!
You feel a terrible chill!
You die...

......##..# #.#.#.###..........
.........## #.#.#..........P...
......#### #.....##....♣...♣♣.
......# ##'#####...♣.PPP...
####.## #.# ##....PPP.P. #.# #.#
#..P....... #.# #.# #...♣...♣P.
####.##### #.# ####..PPP.♣♣..
#........# #@###......♣.♣.###
#>.......#######u....##......##.#
#........:.......(######.....'.8.
#........########.# #.)...##.#
#######.## #.# ##..♣.♣P###
##.....# #.# #...♣..♣PPP #..#####
#.# #.......(.. #.##
######'#####.#........ #.#
#...#.(.[....##....###


You could see a white ugly thing.

Vanquished Creatures
  Gastronok (D:9)
  An ettin (Orc:2)
  A fire dragon (D:15)
  A minotaur (Lab)
  Harold (Lair:1)
  A vault guard (D:13)
  3 hydras
  A rakshasa (D:15)
  A catoblepas (D:15)
  4 centaur warriors
  Erica (D:8)
  2 ogre magi (Orc:2)
  A death knight (D:12)
  2 tengu warriors (D:15)
  Nergalle (Lair:1)
  The ghost of Paps the Blocker, a novice GrFi of Okawaru (Lab)
  8 skeletal warriors
  2 deep trolls
  4 unseen horrors
  A wizard (D:13)
  9 hill giants
  A deep elf mage (D:15)
  4 orc knights
  A necromancer (D:13)
  An orc sorcerer (D:15)
  4 ugly things
  4 cyclopes
  3 manticores
  A wolf spider (Lair:1)
  A slime creature (D:14)
  4 centaur zombies
  A black mamba (Lair:1)
  Psyche (D:9)
  A spiny frog (Lair:1)
  5 centaur skeletons
  4 orange demons (D:15)
  9 kobold demonologists
  An efreet (D:15)
  6 komodo dragons (Lair:1)
  2 freezing wraiths
  A harpy zombie (D:15)
  12 trolls
  A hornet (D:14)
  7 two-headed ogres
  9 hippogriffs
  An air elemental (Orc:2)
  2 redbacks (Lab)
  2 centaur simulacra
  A vampire (D:11)
  2 wyverns
  2 wraiths (D:12)
  2 basilisks
  A steam dragon (D:15)
  18 yaks
  22 humans (D:13)
  2 hungry ghosts
  A mottled dragon (D:14)
  A warg (Orc:1)
  3 porcupines (Lair:1)
  2 water moccasins (Lair:1)
  18 orc warriors
  2 sky beasts
  2 necrophages
  3 phantoms
  18 centaurs
  27 ogres
  An eye of draining (D:8)
  9 big kobolds
  3 crocodiles
  9 bullfrogs
  2 water moccasin zombies (Ossuary)
  8 scorpions
  4 jellies
  7 killer bees
  4 electric eels (Bailey)
  10 wights
  A howler monkey (D:6)
  4 crimson imps
  A bullfrog zombie (D:9)
  3 quasits
  9 orc priests
  3 bullfrog skeletons
  11 hounds
  16 orc wizards
  4 iguanas
  12 worker ants
  3 big kobold zombies (Ossuary)
  2 mummies (Ossuary)
  3 gnolls (Bailey)
  19 adders
  3 shadow imps
  An ooze (D:4)
  5 adder zombies (Ossuary)
  6 worms
  2 dart slugs (D:1)
  2 leopard geckos
  65 orcs
  9 bats
  8 giant cockroaches
  17 goblins
  13 hobgoblins
  4 jackals
  35 kobolds
  6 quokkas
  2 ball pythons
  A ball python skeleton (D:4)
  4 frilled lizards
  7 hobgoblin zombies (Ossuary)
  3 kobold zombies (Ossuary)
  A leopard gecko zombie (D:5)
  4 orc zombies (Ossuary)
  3 rats
  A butterfly (D:8)
  A fungus (Lair:1)
614 creatures vanquished.

Vanquished Creatures (others)
  A fire dragon (D:15)
  A slime creature (D:14)
  4 centaurs
  6 orcs
  A kobold (D:11)
  11 plants (Lair:1)
24 creatures vanquished.

Grand Total: 638 creatures vanquished

Notes
Turn   | Place    | Note
-------+----------+-------------------------------------------
     0 | D:1      | galech the Formicid Fighter began the quest for the Orb.
     0 | D:1      | Reached XP level 1. HP: 18/18 MP: 1/1
    83 | D:1      | Reached XP level 2. HP: 24/24 MP: 2/2
   617 | D:1      | Reached XP level 3. HP: 28/30 MP: 1/3
   678 | D:1      | Reached skill level 4 in Shields
  1090 | D:2      | Reached XP level 4. HP: 32/37 MP: 2/4
  1936 | D:3      | Reached XP level 5. HP: 42/42 MP: 5/5
  2692 | D:4      | Found a shattered altar of Ashenzari.
  2692 | D:4      | Found a faded altar of an unknown god.
  2697 | D:4      | Found a faded altar of an unknown god.
  2699 | D:4      | Found a faded altar of an unknown god.
  2701 | D:4      | Found a faded altar of an unknown god.
  2729 | D:4      | Reached XP level 6. HP: 49/49 MP: 6/6
  2805 | D:4      | Reached skill level 1 in Dodging
  3013 | D:4      | Noticed an ogre
  3023 | D:4      | Killed an ogre
  3023 | D:4      | Reached skill level 5 in Shields
  3279 | D:4      | Noticed an ogre
  3545 | D:3      | Killed an ogre
  3545 | D:3      | Reached XP level 7. HP: 4/55 MP: 1/7
  3987 | D:5      | Entered Level 5 of the Dungeon
  4205 | D:5      | Reached skill level 5 in Fighting
  4219 | D:5      | Reached skill level 5 in Maces & Flails
  4337 | D:5      | Got a pair of ichor-stained boots
  4343 | D:5      | Identified the +0 pair of boots "Yfuosogo" {rN+ Str+5 Int+2 Stlth+} (You found it on level 5 of the Dungeon)
  4405 | D:5      | Found a sand-covered staircase.
  4412 | Ossuary  | Entered an ossuary
  4492 | Ossuary  | Reached XP level 8. HP: 49/62 MP: 6/8
  4505 | Ossuary  | Reached skill level 6 in Shields
  4517 | Ossuary  | Reached skill level 1 in Stealth
  4676 | Ossuary  | Reached skill level 5 in Armour
  4804 | D:5      | Got a transparent dagger
  5595 | D:6      | Reached XP level 9. HP: 61/68 MP: 9/9
  5682 | D:6      | Found a deep blue altar of Sif Muna.
  5767 | D:7      | Found Viuv's Magic Scroll Shop.
  5770 | D:7      | Bought a scroll of enchant armour for 120 gold pieces
  5770 | D:7      | Bought a scroll of identify for 32 gold pieces
  5771 | D:7      | Gained mutation: You are dopey. (Int -2) [potion of mutation]
  5771 | D:7      | Gained mutation: You are partially covered in molten scales. (AC +2) [potion of mutation]
  5771 | D:7      | Gained mutation: You are surrounded by a mild repulsion field. (EV +2) [potion of mutation]
  5867 | D:7      | Got a faintly glowing leather armour
  5878 | D:7      | Identified the cursed +0 leather armour of the Pink Corner {MP+9 Int+4} (You found it on level 7 of the Dungeon)
  5918 | D:7      | Reached skill level 7 in Shields
  5970 | D:7      | Identified the +8 dagger of Yredelemnul's Scorn {freeze, rPois rF- Dex+4 Stlth+} (You found it on level 5 of the Dungeon)
  6125 | D:7      | Found a staircase to the Ecumenical Temple.
  6138 | Temple   | Entered the Ecumenical Temple
  6239 | Temple   | Became a worshipper of Makhleb the Destroyer
  6302 | D:7      | Found a stormy altar of Qazlal.
  6304 | D:7      | Found a basalt altar of Yredelemnul.
  6304 | D:7      | Found a glowing silver altar of Zin.
  6513 | D:7      | Found a blossoming altar of Fedhas.
  6813 | D:8      | Found a shimmering altar of Xom.
  6850 | D:8      | Noticed Erica
  6871 | D:8      | Killed Erica
  6871 | D:8      | Reached skill level 8 in Shields
  6871 | D:8      | Reached XP level 10. HP: 52/77 MP: 10/10
  7159 | D:8      | Found a radiant altar of Vehumet.
  7364 | D:9      | Reached skill level 10 in Maces & Flails
  7510 | D:9      | Reached * piety under Makhleb
  7790 | D:9      | Reached skill level 9 in Shields
  7819 | D:9      | Noticed Psyche
  7831 | D:9      | Killed Psyche
  7860 | D:9      | Found a staircase to the Orcish Mines.
  7986 | D:9      | Noticed Gastronok
  8006 | D:9      | Killed Gastronok
  8006 | D:9      | Reached XP level 11. HP: 86/86 MP: 11/11
  8492 | Orc:1    | Entered Level 1 of the Orcish Mines
  8495 | Orc:1    | Noticed an orc knight
  8535 | D:10     | Entered Level 10 of the Dungeon
  8622 | D:10     | Reached ** piety under Makhleb
  8634 | D:10     | Noticed a hill giant
  8638 | D:10     | Reached skill level 10 in Shields
  8643 | D:10     | Killed a hill giant
  9179 | D:11     | Noticed a cyan ugly thing
  9193 | D:11     | Killed a cyan ugly thing
  9258 | D:11     | Reached XP level 12. HP: 81/94 MP: 12/12
  9366 | D:11     | Noticed an unseen horror
  9369 | D:11     | Found a staircase to the Lair.
  9376 | D:11     | Killed an unseen horror
  9376 | D:11     | Reached skill level 11 in Shields
  9440 | D:11     | Noticed a five-headed hydra
  9473 | D:11     | Noticed an unseen horror
  9496 | D:11     | Reached *** piety under Makhleb
  9503 | D:11     | Killed a five-headed hydra
  9512 | D:11     | Killed an unseen horror
  9583 | D:11     | Found a flagged portal.
  9590 | Bailey   | Entered a bailey
  9649 | Bailey   | Found an iron altar of Okawaru.
  9676 | Bailey   | Noticed a soul eater
  9680 | Bailey   | Noticed a sun demon
  9690 | Bailey   | Noticed a soul eater
 10118 | Bailey   | Reached **** piety under Makhleb
 11103 | D:11     | Noticed a skeletal warrior
 11104 | D:11     | Noticed a skeletal warrior
 11104 | D:11     | Noticed a skeletal warrior
 11124 | D:11     | Killed a skeletal warrior
 11124 | D:11     | Reached skill level 12 in Shields
 11139 | D:11     | Killed a skeletal warrior
 11148 | D:11     | Noticed a skeletal warrior
 11164 | D:11     | Killed a skeletal warrior
 11180 | D:11     | Killed a skeletal warrior
 11180 | D:11     | Reached XP level 13. HP: 82/101 MP: 13/13
 12139 | Orc:2    | Entered Level 2 of the Orcish Mines
 12139 | Orc:2    | Found a roughly hewn altar of Beogh.
 12195 | Orc:2    | Found Limut's Weapon Boutique.
 12196 | Orc:2    | Noticed an ettin
 12201 | Orc:2    | Found Ciwocani's Antique Armour Shop.
 12233 | Orc:2    | Killed an ettin
 12264 | Orc:1    | Reached skill level 10 in Fighting
 12348 | Orc:1    | Reached ***** piety under Makhleb
 12350 | Orc:1    | Reached skill level 13 in Shields
 12554 | Orc:2    | Found Ceghos's Book Emporium.
 12563 | Orc:2    | Found Wyn Wodwis's Assorted Antiques.
 12676 | Orc:2    | Bought a scroll of identify for 56 gold pieces
 12690 | Orc:2    | Bought a slimy plate armour for 840 gold pieces
 12700 | Orc:2    | Identified the cursed +0 plate armour of Intuition {Int+4} (You bought it in a shop on level 2 of the Orcish Mines)
 12885 | Orc:2    | Found a staircase to the Elven Halls.
 13537 | Lair:1   | Entered Level 1 of the Lair of Beasts
 13723 | Lair:1   | Reached XP level 14. HP: 105/113 MP: 14/14
 13754 | Lair:1   | Reached skill level 14 in Shields
 14013 | Lair:1   | Noticed Nergalle
 14026 | Lair:1   | Killed Nergalle
 14202 | Lair:1   | Noticed Harold
 14215 | Lair:1   | Killed Harold
 14773 | D:12     | Reached ****** piety under Makhleb
 15196 | D:12     | Reached skill level 15 in Maces & Flails
 15490 | D:13     | Found a labyrinth entrance.
 15498 | Lab      | Entered a labyrinth
 15656 | Lab      | Found an exit through the horrors of the Abyss.
 16104 | Lab      | Noticed Paps's ghost (novice GrFi)
 16118 | Lab      | Killed Paps's ghost
 16118 | Lab      | Reached skill level 15 in Shields
 16127 | Lab      | Found an exit through the horrors of the Abyss.
 16345 | Lab      | Got a faintly glowing amber ring
 16346 | Lab      | Got an ancient robe
 16461 | Lab      | Identified the +2 robe of Dramatic Exits {rElec rCorr} (You found it in a labyrinth)
 16641 | D:13     | Reached skill level 10 in Armour
 17227 | D:13     | Reached XP level 15. HP: 122/122 MP: 15/15
 17320 | D:13     | Found a gate to the Vaults.
 17563 | D:14     | Found Veru Tyh's Food Boutique.
 17590 | D:14     | Found Uryzxoh's Demolitions Depot.
 17829 | D:14     | Reached skill level 16 in Shields
 18279 | D:14     | Identified the cursed ring of Ippewid {*Drain rPois rC+ Str-3} (You found it in a labyrinth)
 18404 | D:15     | Entered Level 15 of the Dungeon
 21375 | D:15     | Found a staircase to the Depths.
 21765 | D:14     | Slain by a white ugly thing

Skill      XL: |  1  2  3  4  5  6  7  8  9 10 11 12 13 14 15 |
---------------+----------------------------------------------+-----
Shields        | 4 5 6 8 9 10 12 13 15 16 | 16.8
Fighting       | 4 5 6 7 8 9 11 12 13 | 13.2
Maces & Flails | 3 4 5 6 9 11 12 13 14 15 | 15.7
Armour         | 4 5 6 7 8 9 10 | 10.7
Dodging        | 1 2 3 |  3.1
Stealth        | 2 3 |  3.6

Action                   |  1- 3 |  4- 6 |  7- 9 | 10-12 | 13-15 || total
-------------------------+-------+-------+-------+-------+-------++-------
Melee: Flail             |    87 |   260 |   319 |       |       ||   666
       Dire flail        |       |       |    64 |   763 |  1362 ||  2189
 Abil: Dig               |       |       |     2 |       |     4 ||     6
  Use: Scroll            |       |       |    18 |     6 |    12 ||    36
       Potion            |       |       |     1 |       |     2 ||     3
 Stab: Sleeping          |       |       |     4 |       |       ||     4
  Eat: Chunk             |     1 |     8 |     8 |    16 |    26 ||    59
       Pizza             |       |       |     1 |       |       ||     1
       Beef jerky        |       |       |     1 |       |       ||     1
       Bread ration      |       |       |       |       |     2 ||     2
Armor: Scale mail        |    35 |    72 |    62 |       |       ||   169
       Plate armour      |       |       |    85 |   168 |   312 ||   565
       Fire dragon scale |       |       |       |       |    27 ||    27
Dodge: Dodged            |    54 |    86 |   128 |   131 |   269 ||   668
Block: Shield            |    57 |   159 |   214 |   450 |  1070 ||  1950
       Reflection        |       |       |       |     7 |    56 ||    63
